Map: Orbital Shipyard (3.0.5 Balance v1.0)

Players

Düsi

  • Race: Terran Terran
  • League: Silver

NicerDicer

  • Race: Terran Terran

Player 2

  • Race: Terran Terran

VOD

Have the link to the VOD?

Description

Time

  • Played on: Dec. 4, 2015, 12:54 p.m.
  • Length: 10:03
Show
View Real Time Build Order
Export as new Build Order

Düsi Terran 

Build Orders: Reaper Expand, MMM Bio 

Get SALT Encoding   

  12  0:01  SCV  
  13  0:13  SCV  
  14  0:17  Supply Depot  
  14  0:25  SCV  
  15  0:39  SCV  
  15  0:40  Barracks  
  16  0:43  Refinery  
  16  0:51  SCV  
  17  1:03  SCV  
  18  1:15  SCV  
  19  1:28  Orbital Command  
  19  1:30  Reaper  
  20  1:40  Command Center  
  20  1:54  SCV  
  20  1:59  Supply Depot  
  21  2:03  Barracks Reactor  
  21  2:06  SCV  
  21  2:18  SCV  
  22  2:24  Factory  
  22  2:28  Barracks  
  22  2:30  SCV  
  22  2:36  Barracks  
  23  2:39  Marine x2  
  23  2:42  SCV  
  26  2:52  Orbital Command  
  26  2:56  SCV  
  27  3:00  Refinery  
  27  3:02  Marine  
  28  3:07  Factory Tech Lab  
  28  3:10  SCV  
  29  3:16  Barracks Tech Lab  
  29  3:17  Marine  
  29  3:19  SCV  
  31  3:20  Marine  
  31  3:22  SCV  
  34  3:31  SCV  
  34  3:33  Starport  
  34  3:34  SCV  
  35  3:39  Refinery  
  35  3:40  Stimpack  
  35  3:43  SCV  
  35  3:46  SCV  
  37  3:49  Supply Depot  
  37  3:52  Marine x3  
  37  3:53  Marine  
  37  3:55  SCV  
  42  3:58  SCV  
  42  4:00  Combat Shields  
  43  4:07  SCV  
  43  4:09  Starport Reactor  
  44  4:10  SCV, Marine  
  44  4:15  Refinery, Marine  
  47  4:18  Marine  
  47  4:19  SCV, Marine  
  47  4:22  SCV  
  51  4:31  SCV  
  51  4:34  SCV, Supply Depot  
  51  4:36  Supply Depot, Marine  
  54  4:53  Supply Depot  
  54  4:56  SCV x2, Medivac x2, Marine x2  
  54  4:58  Marine  
  63  5:02  Marine  
  64  5:08  SCV x2  
  64  5:11  Command Center  
  64  5:12  Factory Reactor  
  64  5:13  Marine x2  
  68  5:15  Marine  
  68  5:17  Barracks  
  68  5:20  SCV x2  
  71  5:22  Barracks  
  71  5:23  Marine  
  72  5:32  SCV  
  72  5:33  SCV  
  72  5:35  Marine x2  
  74  5:36  Marauder  
  78  5:43  Supply Depot  
  78  5:47  Supply Depot  
  78  5:48  Concussive Shells  
  78  5:54  Supply Depot  
  78  6:04  Medivac, Marine x3  
  78  6:05  SCV x2  
  78  6:07  Engineering Bay  
  78  6:09  Engineering Bay  
  78  6:10  Barracks Reactor x2  
  85  6:14  Marine  
  85  6:15  Medivac  
  85  6:17  SCV x2  
  90  6:22  Marine  
  90  6:23  Marauder  
  90  6:24  Supply Depot  
  93  6:27  Orbital Command  
  93  6:29  SCV x2  
  93  6:30  Marine  
  96  6:34  Medivac  
  96  6:36  Supply Depot  
  96  6:39  Terran Infantry Weapons Level 1, Terran Infantry Armor Level 1  
  98  6:41  SCV x2  
  98  6:42  Marine  
  98  6:43  Marine  
  98  6:44  Orbital Command, Marine  
  103  6:47  Marine x2  
  103  6:52  Marine  
  103  6:53  SCV, Marine  
  108  6:55  SCV  
  108  6:58  Marine  
  108  7:01  Supply Depot  
  110  7:05  Marine x2  
  110  7:06  Marauder x2, Marine  
  117  7:08  SCV  
  117  7:12  SCV  
  117  7:14  Supply Depot, SCV  
  120  7:17  Supply Depot, Marine x2  
  120  7:19  Medivac  
  120  7:22  SCV  
  125  7:27  SCV  
  125  7:28  SCV  
  125  7:29  Armory  
  127  7:34  SCV  
  128  7:39  SCV, Marine x3  
  128  7:40  SCV, Refinery x2, Marauder  
  135  7:46  SCV  
  135  7:50  Supply Depot  
  137  7:51  SCV, Supply Depot  
  137  7:52  SCV  
  139  7:58  SCV  
  139  7:59  Marine x2  
  139  8:03  SCV  
  139  8:04  SCV, Marine x2  
  139  8:05  Marauder  
  147  8:06  Marine  
  147  8:07  Marine  
  147  8:10  Command Center, SCV  
  147  8:12  Supply Depot  
  150  8:13  Marine  
  150  8:14  Supply Depot  
  150  8:15  SCV  
  150  8:16  SCV, Medivac  
  150  8:17  Supply Depot  
  155  8:20  Marine x2  
  155  8:22  SCV  
  160  8:27  SCV  
  160  8:29  Barracks x2  
  160  8:32  Barracks, Marine x2  
  164  8:34  SCV  
  164  8:37  SCV  
  164  8:39  Supply Depot  
  163  8:43  Marine x2  
  163  8:44  Marine x2  
  163  8:45  Marine  
  163  8:48  Marine  
  169  8:51  Factory Reactor  
  172  8:59  Starport, Marine  
  172  9:00  Marine  
  172  9:02  Medivac x2  
  175  9:03  Marauder  
  175  9:06  Marauder  
  175  9:08  Missile Turret  
  175  9:09  Missile Turret  
  179  9:11  Missile Turret  
  179  9:12  Marine x2  
  181  9:17  Marine x2  
  181  9:18  Barracks Reactor, Barracks Tech Lab  
  181  9:21  Barracks Tech Lab  
  183  9:25  Marauder  
  183  9:27  Marauder  
  183  9:28  Command Center  
  183  9:29  SCV  
  188  9:32  Marine  
  188  9:33  Marine  
  193  9:39  SCV  
  193  9:40  Marine x3  
  199  9:58  Refinery  
Show
View Real Time Build Order
Export as new Build Order

NicerDicer Terran 

Build Orders:  

Get SALT Encoding   

  12  0:00  SCV  
  13  0:13  SCV  
  14  0:19  Supply Depot  
  14  0:37  Refinery  
  14  0:46  Barracks  
  14  1:01  Supply Depot  
  14  1:11  Refinery  
  14  1:28  SCV  
  14  1:32  Marine  
  16  1:41  SCV  
  17  1:53  SCV  
  18  2:05  SCV  
  19  2:09  Marine  
  20  2:17  SCV  
  21  2:29  SCV  
  21  2:42  Orbital Command  
  21  2:45  Marine  
  22  3:22  Marine  
  23  6:04  SCV, Marine  
  24  6:05  Supply Depot  
  24  6:08  Factory  
  24  6:09  Command Center  
  25  6:27  SCV  
  25  6:29  Supply Depot  
  26  6:37  Barracks Tech Lab  
  26  6:39  SCV  
  27  6:51  SCV  
  27  6:53  Starport  
  25  6:55  Marine  
  26  7:22  SCV  
  27  7:28  Marine  
  27  7:29  SCV  
  29  7:31  Refinery, Starport Tech Lab  
  29  7:33  Refinery  
  30  7:37  SCV  
  31  7:44  SCV  
  31  7:50  Raven  
  34  7:51  SCV  
  34  7:58  SCV  
  34  8:02  Marauder  
  37  8:06  SCV  
  38  8:13  SCV  
  39  8:20  SCV  
  40  8:27  SCV  
  40  8:33  Raven  
  43  8:34  Marine  
  43  8:35  SCV  
  45  8:42  SCV  
  46  8:49  SCV  
  47  8:56  SCV  
  48  9:03  SCV  
  49  9:10  SCV  
Show
View Real Time Build Order
Export as new Build Order

Player 2 Terran 

Build Orders:  

Get SALT Encoding   

Tags
 
Add a new tag
Caveats
  • Supply blocks, unpowered buildings, or Contaminate may cause inaccurate times.
  • Supply counts are checked every 10 seconds.